 Dungeon Crawl Stone Soup version 0.31.0-12-g77e489cdc1 (webtiles) character file.

Game seed: 16527480246746085772

277 dirge the Chopper (level 6, -3/52 HPs)
             Began as a Minotaur Gladiator on Feb 27, 2024.
             Killed from afar by an electric eel (12 damage)
             ... with a bolt of electricity
             ... on level 3 of the Dungeon.
             The game lasted 00:06:08 (2984 turns).

dirge the Chopper (Minotaur Gladiator)              Turns: 2984, Time: 00:06:08

Health: -3/52      AC: 11    Str: 21    XL:     6   Next: 4%
Magic:  14/14      EV:  7    Int:  5    God:
Gold:   147        SH:  0    Dex: 11    Spells: 5/5 levels left

rFire   . . .        a - +0 broad axe (venom)
rCold   . . .        (no shield)
rNeg    . . .        g - +0 plate armour
rPois   .            c - +0 hat
rElec   .            (no cloak)
rCorr   .            (no gloves)
SInv    .            (no boots)
Will    .....        (no amulet) Stlth
                     l - ring of magical power
HPRegen 0.28/turn    (no ring)
MPRegen 0.14/turn

%: no passive effects
@: no status effects
A: horns 2, retaliatory headbutt
a: no special abilities


You were on level 3 of the Dungeon.
You visited 1 branch of the dungeon, and saw 3 of its levels.
You also visited: Sewer.

You collected 147 gold pieces.

Inventory:

Hand Weapons
 a - a +0 broad axe of venom (weapon)
 i - a +0 war axe
Missiles
 d - 4 throwing nets (quivered)
 e - a javelin
 h - 2 darts of dispersal
Armour
 b - a +0 leather armour
 c - a +0 hat (worn)
 g - a +0 plate armour (worn)
Jewellery
 l - a ring of magical power (left hand)
Wands
 f - a wand of flame (33)
Scrolls
 m - 2 scrolls of teleportation
 p - a scroll of torment {unknown}
 r - a scroll of fog
 s - a scroll of vulnerability
Potions
 j - 3 potions of magic
 k - 2 potions of lignification {unknown}
 n - a potion of cancellation {unknown}
 o - a potion of invisibility {unknown}
 q - a potion of heal wounds {unknown}


   Skills:
 + Level 4.1 Fighting
 * Level 5.9 Axes
 + Level 3.3 Throwing
 + Level 2.5 Armour
 - Level 3.4 Dodging


You had 5 spell levels left.
You didn't know any spells.
Your spell library contained the following spells:

 Spells                   Type           Power      Damage    Failure   Level
 Cigotuvi's Dreadful Rot  Necr/Alch/Air  0%         N/A       100%        2
 Ensorcelled Hibernation  Hex/Ice        0%         N/A       100%        2
 Fugue of the Fallen      Necr           0%         N/A       100%        3
 Anguish                  Hex/Necr       0%         N/A       100%        4
 Dispel Undead            Necr           0%         3d6       100%        4
 Martyr's Knell           Necr/Summ      0%         N/A       100%        4
 Death Channel            Necr           0%         N/A       100%        6
 Haunt                    Necr/Summ      0%         N/A       100%        7
 Borgnjor's Revivificati  Necr           0%         N/A       100%        8
 Death's Door             Necr           0%         N/A       100%        9


Dungeon Overview and Level Annotations

Branches:
Dungeon (3/15)              Sewer (visited)

Altars:
Ashenzari
Gozag
Trog

Annotations:
D:3 1 transporter


Innate Abilities, Weirdness & Mutations

You have a pair of horns on your head.
You reflexively headbutt those who attack you in melee.


Message History

There is a transporter here.
There is a stone staircase leading down here.
You see here a +0 whip.
Partly explored, unvisited transporter.
You see here a +0 whip.
There is a stone staircase leading down here.
There is a transporter here.
You enter the transporter and appear at another place.
f - a wand of flame (33) (gained 10 charges)
You open the door.
The electric eel shoots out a bolt of lightning at you!
The bolt of electricity hits you.
The electric eel shoots out a bolt of lightning at you!
The bolt of electricity hits you.
There are no items here.
Throw: 4 throwing nets
Press: ? - help, Q - select action, (/) - cycle Shift-Dir - straight line, f - electric eel
Aim: an electric eel (35% to hit)
Okay, then.
The electric eel shoots out a bolt of lightning at you!
The bolt of electricity hits you. The bolt of electricity hits you!
The electric eel shoots out a bolt of lightning at you!
The bolt of electricity misses you. The bolt of electricity hits you!
The bolt of electricity hits the plant.
The plant begins to die.
There is an open door here.
You slash the electric eel!
The electric eel is poisoned.
The electric eel is almost dead.
You slash the electric eel!
The electric eel looks as sick as possible!
The electric eel shoots out a bolt of lightning at you!
The bolt of electricity hits you! x2
* * * LOW HITPOINT WARNING * * *
You barely miss the electric eel.
The electric eel is almost dead.
You slash the electric eel!
You kill the electric eel!
You hear a splash.
The electric eel shoots out a bolt of lightning at you!
The bolt of electricity hits you!
You die...

#.# #.#P.$.P#.#.##.# #.# #.#
#.###+###.#.##.# ##.# #.#
#.#~P~~~#.#.##.###... #.####
#.#~P~~~#.#..........
#.##.####.#~~~~~#.###..###...
#.#.......#~~⌠~~#.# #.## ##..
#......##.#~S~P~#.# #.# ###
##.......#.#S...~#.# #.#
#..........#†@..~#.# #.#
##.......#.###'###.# #.#
##.....##.#P...P#.# #.#
##..>###.#8.©.8#.# #.#
##......#######.###.#
######....©........# ##
####.......##.# #.
##...#####.# #. #####
##.######.


You could see 2 electric eels.

Vanquished Creatures
  A howler monkey (D:3)
  An electric eel (D:3)
  3 jellies (Sewer)
  A river rat (Sewer)
  5 adders
  4 ribbon worms
  An orc (D:3)
  14 ball pythons
  5 bats
  11 endoplasms
  4 giant cockroaches
  10 goblins
  7 hobgoblins
  2 jackals (D:1)
  2 quokkas
  11 frilled lizards
  3 kobolds
  4 rats
89 creatures vanquished.

Notes
Turn   | Place    | Note
-------+----------+-------------------------------------------
     0 | D:1      | dirge the Minotaur Gladiator began the quest for the Orb.
     0 | D:1      | Reached XP level 1. HP: 18/18 MP: 0/0
    90 | D:1      | Reached XP level 2. HP: 19/25 MP: 1/1
   135 | D:1      | Reached skill level 4 in Axes
   525 | D:1      | Found a faded altar of an unknown god.
   757 | D:2      | Found a bloodstained altar of Trog.
   844 | D:2      | Reached XP level 3. HP: 30/30 MP: 2/2
  1705 | D:2      | Reached skill level 1 in Armour
  1778 | D:3      | Found a glowing drain.
  1796 | Sewer    | Entered a sewer
  1881 | Sewer    | Reached XP level 4. HP: 38/38 MP: 3/3
  1948 | Sewer    | Reached skill level 5 in Axes
  1995 | Sewer    | Reached XP level 5. HP: 41/45 MP: 4/4
  2007 | Sewer    | Found a viscous altar of Jiyva.
  2224 | D:3      | Found a transporter.
  2271 | D:3      | Found an opulent altar of Gozag.
  2380 | D:3      | Found a broken altar of Ashenzari.
  2427 | D:3      | Found a transporter.
  2574 | D:3      | Reached XP level 6. HP: 52/52 MP: 5/5
  2984 | D:3      | Killed from afar by an electric eel

Illustrated notes

Levels and vault maps discovered:
D:1:      amcnicky_arrival_abandoned_market, layout_rooms,
          ebering_ecumenical_altar_rust, minivault_14, grunt_decor_clamped
D:2:      cheibrodos_greedy_goblins, layout_basic, basic_altar,
          hangedman_decor_push
D:3:      gammafunk_steamed_eel, layout_loops_ring,
          mainiacjoe_overflow_alcove_2, mainiacjoe_overflow_paths,
          cheibrodos_sewer_entry_drain, kennysheep_generic_room_2

Skill      XL: |  1  2  3  4  5 |
---------------+----------------+-----
Axes           | 4 5 |  5.9
Fighting       | 3 4 |  4.1
Armour         | 1 2 |  2.5
Throwing       | 3 |  3.3
Dodging        | |  3.4

Action                     |  1- 3 |  4- 6 || total
---------------------------+-------+-------++-------
  Melee: War axe           |    29 |       ||    29
         Headbutt          |    12 |    10 ||    22
         Broad axe         |    50 |    67 ||   117
    Use: Scroll            |     7 |     1 ||     8
 Armour: Leather armour    |    10 |       ||    10
         Plate armour      |    71 |    69 ||   140
  Dodge: Dodged            |    44 |    24 ||    68
